 Dungeon Crawl Stone Soup version 0.24.0-13-gcf9b3192b9 (webtiles) character file.

Game seed: 4011554749553440694, levelgen mode: deterministic

51916 bl3nd3r the Severer (level 14, -1/130 HPs)
             Began as a Minotaur Berserker on Nov 7, 2019.
             Was a High Priest of Trog.
             Slain by a black mamba (12 damage)
             ... on level 6 of the Lair of Beasts.
             The game lasted 01:03:00 (22179 turns).

bl3nd3r the Severer (Minotaur Berserker)           Turns: 22179, Time: 01:03:01

Health: -1/130     AC: 23    Str: 26    XL:     14   Next: 25%
Magic:  13/13      EV: 28    Int:  6    God:    Trog [*****.]
Gold:   713        SH:  0    Dex: 13    Spells: 13/13 levels left

rFire    + + .     SeeInvis +   a - +3 battleaxe
rCold    . . .     Gourm    .   (shield currently unavailable)
rNeg     . . .     Faith    .   P - +6 chain mail of Precision Catastrophes {-Cast rF+ Int+2 Dex+2}
rPois    +         Spirit   .   T - +1 hat
rElec    .         Reflect  .   O - +1 cloak "Sucrot" {MR+ Slay+5 SInv}
rCorr    .         Harm     .   u - +1 pair of gloves
MR       ++++.     NoCast   +   (no boots)
Stlth    ..........             i - amulet of the acrobat
HPRegen  1.31/turn              K - ring of poison resistance
MPRegen  0.13/turn              x - ring of protection from fire

@: lethally poisoned (-1 -> -3), marked, acrobat, regenerating
A: retaliatory headbutt, horns 2, blurry vision 1
a: Berserk, Trog's Hand, Brothers in Arms, Renounce Religion


You were on level 6 of the Lair of Beasts.
You worshipped Trog.
Trog was extremely pleased with you.
You were not hungry.

You visited 3 branches of the dungeon, and saw 19 of its levels.

You collected 1665 gold pieces.
You spent 952 gold pieces at shops.

Inventory:

Hand Weapons
 a - a +3 battleaxe (weapon)
 b - a +2 mace of draining
 N - the +6 hand axe of Terror {protect, rPois rF- Dex+5}
   (Trog gifted it to you on level 2 of the Orcish Mines)

   It grants its wielder temporary protection when it strikes (+7 to AC).
   It affects your dexterity (+5).
   It makes you vulnerable to fire.
   It protects you from poison.
 R - a +0 broad axe of venom
Missiles
 h - 27 boomerangs (quivered)
 Q - 4 silver javelins
Armour
 u - a +1 pair of gloves (worn)
 y - a +0 troll leather armour {Purgy}
 C - a +2 plate armour of cold resistance
 F - a +4 scale mail of magic resistance
 O - the +1 cloak "Sucrot" (worn) {MR+ Slay+5 SInv}
   (You bought it in a shop on level 4 of the Dungeon)

   It affects your accuracy and damage with ranged weapons and melee attacks
   (+5).
   It affects your resistance to hostile enchantments.
   It lets you see invisible.
 P - the +6 chain mail of Precision Catastrophes (worn) {-Cast rF+ Int+2 Dex+2}
   (You found it on level 11 of the Dungeon)

   It affects your intelligence (+2).
   It affects your dexterity (+2).
   It protects you from fire.
   It prevents spellcasting.
 T - a +1 hat (worn)
Jewellery
 i - an amulet of the acrobat (around neck)
 s - a +2 ring of intelligence
 t - an uncursed ring of positive energy
 x - a ring of protection from fire (right hand)
 D - an uncursed amulet of faith
 K - a ring of poison resistance (left hand)
 U - an uncursed ring of resist corrosion
 W - an uncursed ring of protection from fire
Wands
 n - a wand of iceblast (51)
 E - a wand of digging (6)
 G - a wand of acid (25)
Scrolls
 e - 4 scrolls of identify
 g - 2 scrolls of magic mapping
 l - 4 scrolls of fog
 p - 9 scrolls of teleportation
 w - 3 scrolls of immolation
 A - 6 scrolls of remove curse
 B - 3 scrolls of enchant armour
 H - a scroll of enchant weapon
 I - a scroll of torment
 J - 2 scrolls of silence {unknown}
 M - a scroll of acquirement {unknown}
 S - a scroll of brand weapon {unknown}
Potions
 d - 7 potions of might
 f - a potion of heal wounds
 j - 6 potions of agility
 k - 3 potions of mutation
 m - 4 potions of curing
 o - 3 potions of flight
 q - a potion of haste
 r - 4 potions of lignification
 v - 2 potions of brilliance
 z - a potion of magic {unknown}
 L - 2 potions of ambrosia {unknown}
Comestibles
 c - 24 rations


   Skills:
 - Level 13.7 Fighting
 * Level 20.8 Axes
 - Level 10.0 Armour
 - Level 9.1 Dodging
   Level 4.4 Shields


You had 13 spell levels left.
You didn't know any spells.
Your spell library was empty.

Dungeon Overview and Level Annotations

Branches:
Dungeon (11/15)            Temple (0/1) D:4            Lair (6/6) D:10
  Swamp (0/4) Lair:3        Snake (0/4) Lair:2          Orc (2/2) D:9
    Elf (0/3) Orc:2
  Slime: Lair:5-6

Altars:
Cheibriados
Fedhas
Hepliaklqana
Kikubaaqudgha
Makhleb
Nemelex Xobeh
Qazlal
Ru
Trog
Vehumet
Xom
Yredelemnul
Beogh

Shops:
D:4 [=(   Orc:2 :%}*

Annotations:
Lair:1 exclusion: 2 oklob plants


Innate Abilities, Weirdness & Mutations

You reflexively headbutt those who attack you in melee.
You have a pair of horns on your head.
Scrolls take you a little longer to read.


Message History

Trog accepts your kill.
A hell rat comes into view.
The water moccasin completely misses you.
You furiously retaliate!
You headbutt the water moccasin! The ice encasing you melts away.
You feel sick. The black mamba misses you. The black mamba bites you!
* * * LOW HITPOINT WARNING * * *
Your skin crawls.
You feel resistant to hostile enchantments.
You feel quite a bit more hungry. The black mamba bites you!
* * * LOW HITPOINT WARNING * * *
You are more poisoned.
The black mamba poisons you!
The dream sheep ruffle their wool and motes of dream dust sparkle, to no effect.
The black mamba bites you but does no damage.
An eight-headed hydra comes into view.
You feel sick.
The eight-headed hydra moves out of view.
You feel sick. The black mamba bites you!
You die...

##..## #....#
##.##P## ####..P#
##......## #.#....##
........#
#.......###.......#
#...rt.#.##.......#
##......#..#....<..#
#.......k.## #....#
#.........# ##.@.#
#.[......t###.S..#
##....†..rY.#.h..##
#....†....#D#....#
...#...†r.rYYl.....#
..........kSS#.#...#
.#......D###########
###....t. ........#


You could see an eight-headed hydra, a komodo dragon, 3 black mambas, a rime
drake, a hell hound and 2 dream sheep.

Vanquished Creatures
  Gastronok (Lair:3)
  An orc warlord (Orc:2)
  An ettin (Orc:1)
  4 hydras
  Harold (D:8)
  4 two-headed ogres
  Urug (Lair:2)
  Nergalle (Orc:2)
  5 orc high priests
  An unseen horror (D:9)
  Pikel (D:8)
  4 orc sorcerers (Orc:2)
  4 orc knights (Orc:2)
  An ugly thing (D:11)
  2 cyclopes
  A centaur zombie (D:11)
  4 elephants
  Joseph (D:7)
  Psyche (D:8)
  2 black mambas
  Maurice (D:8)
  A gargoyle (D:10)
  7 spiny frogs
  3 komodo dragons
  A kobold demonologist (D:11)
  2 trolls
  A polar bear (Lair:6)
  6 blink frogs
  13 dream sheep
  4 hippogriffs
  A shadow (D:11)
  Sigmund (D:2)
  4 wyverns
  2 basilisks
  26 yaks
  2 hungry ghosts
  4 wargs
  Menkaure (D:6)
  11 porcupines
  7 water moccasins
  45 orc warriors
  2 black bears (D:10)
  Purgy (D:3)
  2 phantoms
  An eye of draining (D:6)
  2 ice beasts
  2 sky beasts
  A necrophage (D:9)
  4 centaurs
  18 ogres
  3 wolves (Lair:3)
  9 crocodiles
  Blork the orc (D:5)
  17 bullfrogs
  A gnoll sergeant (Orc:1)
  A water moccasin zombie (D:10)
  9 killer bees (D:10)
  4 scorpions
  12 wights
  A howler monkey (D:11)
  3 electric eels (D:6)
  8 crimson imps
  2 quasits
  2 bullfrog zombies (D:11)
  2 bullfrog skeletons
  10 hounds
  2 jellies
  34 orc priests
  Jessica (D:3)
  Ijyb (D:3)
  Terence (D:3)
  A hell rat (Lair:6)
  2 iguanas (D:5)
  32 orc wizards
  9 worker ants
  A killer bee zombie (D:5)
  A hound zombie (D:9)
  A hound skeleton (D:7)
  A worker ant zombie (D:11)
  2 howler monkey zombies
  18 gnolls
  18 adders
  An ooze (D:2)
  3 adder skeletons
  2 adder zombies
  6 worms
  13 dart slugs
  9 leopard geckos
  100 orcs
  6 giant cockroaches
  7 goblins
  11 hobgoblins
  8 jackals
  10 kobolds
  5 quokkas
  2 ball pythons
  13 bats
  5 frilled lizards
  A jackal skeleton (D:4)
  A jackal zombie (D:9)
  A leopard gecko zombie (D:7)
  A quokka skeleton (D:10)
  10 rats
  3 fungi
  4 plants (D:10)
649 creatures vanquished.

Vanquished Creatures (others)
  A two-headed ogre (D:9)
  An ice beast (D:9)
  A centaur (D:8)
  A bullfrog (D:9)
  A hound (D:9)
  An iguana (D:9)
  A leopard gecko (D:9)
  A ball python (D:2)
  A bat (D:2)
  A hobgoblin (D:2)
  2 kobolds (D:2)
  7 fungi
  3 plants
22 creatures vanquished.

Grand Total: 671 creatures vanquished

Notes
Turn   | Place    | Note
-------+----------+-------------------------------------------
     0 | D:1      | bl3nd3r the Minotaur Berserker began the quest for the Orb.
     0 | D:1      | Reached XP level 1. HP: 19/19 MP: 0/0
    22 | D:1      | Reached skill level 4 in Axes
    48 | D:1      | Reached XP level 2. HP: 17/26 MP: 1/1
   538 | D:1      | Reached skill level 5 in Axes
   545 | D:1      | Reached XP level 3. HP: 19/31 MP: 2/2
   696 | D:1      | Reached ** piety under Trog
  1193 | D:2      | Noticed Sigmund
  1208 | D:2      | Killed Sigmund
  1208 | D:2      | Reached skill level 7 in Axes
  1208 | D:2      | Reached XP level 4. HP: 39/39 MP: 3/3
  1208 | D:2      | Reached XP level 5. HP: 45/45 MP: 4/4
  1255 | D:2      | Found an ancient bone altar of Kikubaaqudgha.
  1802 | D:2      | Reached skill level 8 in Axes
  1815 | D:2      | Reached XP level 6. HP: 39/51 MP: 5/5
  2329 | D:2      | Found a radiant altar of Vehumet.
  2452 | D:3      | Found a bloodstained altar of Trog.
  2467 | D:3      | Noticed Jessica
  2479 | D:3      | Killed Jessica
  2654 | D:3      | Noticed Purgy
  2662 | D:3      | Killed Purgy
  2662 | D:3      | Reached skill level 9 in Axes
  2942 | D:3      | Reached *** piety under Trog
  3004 | D:3      | Reached XP level 7. HP: 51/57 MP: 6/6
  3109 | D:3      | Noticed Ijyb
  3128 | D:3      | Killed Ijyb
  3270 | D:3      | Noticed Terence
  3278 | D:3      | Killed Terence
  3278 | D:3      | Reached skill level 10 in Axes
  3479 | D:4      | Found a staircase to the Ecumenical Temple.
  3504 | D:4      | Found a sacrificial altar of Ru.
  3572 | D:4      | Found Ynipsack's Armour Shoppe.
  3612 | D:4      | Found Zauth's Weapon Shop.
  3708 | D:4      | Found Qycavoipus's Jewellery Boutique.
  3934 | D:4      | Reached skill level 11 in Axes
  3961 | D:4      | Found a snail-covered altar of Cheibriados.
  3993 | D:4      | Found a basalt altar of Yredelemnul.
  3997 | D:4      | Found a stormy altar of Qazlal.
  4210 | D:4      | Found a hazy altar of Hepliaklqana.
  4219 | D:5      | Entered Level 5 of the Dungeon
  4224 | D:5      | Reached XP level 8. HP: 53/64 MP: 7/7
  4515 | D:5      | Reached skill level 12 in Axes
  4581 | D:5      | Noticed Blork the orc
  4595 | D:5      | Killed Blork the orc
  4731 | D:5      | Reached skill level 1 in Shields
  4737 | D:5      | Reached **** piety under Trog
  4915 | D:5      | Reached skill level 5 in Fighting
  5107 | D:6      | Noticed Menkaure
  5114 | D:6      | Killed Menkaure
  5114 | D:6      | Reached XP level 9. HP: 55/74 MP: 8/8
  5624 | D:6      | You fall into a shaft and drop 3 floors!
  5629 | D:9      | Noticed a two-headed ogre
  5642 | D:9      | Killed a two-headed ogre
  5780 | D:9      | Found a shimmering altar of Xom.
  5859 | D:9      | Reached skill level 13 in Axes
  5905 | D:9      | Found a staircase to the Orcish Mines.
  5947 | D:8      | Noticed Harold
  5955 | D:8      | Noticed Psyche
  5962 | D:8      | Killed Harold
  5962 | D:8      | Reached skill level 5 in Armour
  5970 | D:8      | Killed Psyche
  5970 | D:8      | Reached XP level 10. HP: 86/86 MP: 9/9
  6177 | D:8      | Reached skill level 5 in Dodging
  6387 | D:8      | Noticed Maurice
  6393 | D:8      | Killed Maurice
  6455 | D:8      | Found a burning altar of Makhleb.
  6641 | D:8      | Noticed Pikel
  6670 | D:8      | Killed Pikel
  6982 | D:7      | Reached skill level 14 in Axes
  7014 | D:7      | Noticed Joseph
  7031 | D:7      | Killed Joseph
  7554 | D:7      | Reached ***** piety under Trog
  7753 | D:7      | Found a sparkling altar of Nemelex Xobeh.
  7753 | D:7      | Found a blossoming altar of Fedhas.
  8700 | D:4      | Bought a +4 scale mail of magic resistance for 310 gold
                  | pieces
  9170 | D:9      | Noticed a two-headed ogre
  9175 | D:9      | Killed a two-headed ogre
  9175 | D:9      | Reached skill level 10 in Fighting
  9175 | D:9      | Reached XP level 11. HP: 96/97 MP: 10/10
  9239 | D:9      | Killed an unseen horror
  9403 | D:10     | Entered Level 10 of the Dungeon
 10041 | D:10     | Reached skill level 15 in Axes
 10050 | D:10     | Found a staircase to the Lair.
 10731 | D:11     | Received a gift from Trog
 11685 | D:11     | Noticed a purple ugly thing
 11698 | D:11     | Killed a purple ugly thing
 12096 | D:4      | Bought the +1 cloak "Sucrot" {MR+ Slay+5 SInv} for 473 gold
                  | pieces
 12216 | Orc:1    | Entered Level 1 of the Orcish Mines
 12218 | Orc:1    | Noticed an orc high priest
 12427 | Orc:1    | Killed an orc high priest
 12873 | Orc:1    | Noticed an ettin
 12879 | Orc:1    | Killed an ettin
 12879 | Orc:1    | Reached XP level 12. HP: 110/110 MP: 11/11
 12966 | Orc:1    | Found a roughly hewn altar of Beogh.
 13080 | Orc:2    | Entered Level 2 of the Orcish Mines
 13340 | Orc:2    | Noticed a two-headed ogre
 13345 | Orc:2    | Killed a two-headed ogre
 13542 | Orc:2    | Noticed a two-headed ogre
 13547 | Orc:2    | Killed a two-headed ogre
 13547 | Orc:2    | Reached skill level 16 in Axes
 13594 | Orc:2    | Received a gift from Trog
 13778 | Orc:1    | Found a roughly hewn altar of Beogh.
 13779 | Orc:1    | Noticed Nergalle
 13813 | Orc:2    | Killed Nergalle
 14224 | Orc:2    | Found a roughly hewn altar of Beogh.
 14513 | Orc:2    | Found Aheepad's General Store.
 14569 | Orc:2    | Bought a ration for 65 gold pieces
 14569 | Orc:2    | Bought a ration for 65 gold pieces
 14569 | Orc:2    | Bought a scroll of teleportation for 39 gold pieces
 14575 | Orc:2    | Found Waod's Gadget Shoppe.
 15174 | Orc:2    | Noticed a two-headed ogre
 15178 | Orc:2    | Killed a two-headed ogre
 15563 | Orc:2    | Found a staircase to the Elven Halls.
 15624 | Orc:2    | Found the +7 mace of Variability {chain chaos}
 15994 | Orc:2    | Noticed an orc warlord
 16125 | Orc:2    | Reached skill level 10 in Armour
 16125 | Orc:2    | Reached XP level 13. HP: 120/120 MP: 12/12
 16128 | Orc:2    | Killed an orc warlord
 16128 | Orc:2    | Reached skill level 17 in Axes
 16171 | Orc:2    | Received a gift from Trog
 16186 | Orc:2    | Got an ichor-stained hand axe {god gift}
 16187 | Orc:2    | Identified the +6 hand axe of Terror {protect, rPois rF-
                  | Dex+5} (Trog gifted it to you on level 2 of the Orcish
                  | Mines)
 16630 | Orc:2    | Found a roughly hewn altar of Beogh.
 16678 | Orc:2    | Gained mutation: Scrolls take you a little longer to read.
                  | [a neqoxec]
 16966 | Orc:2    | Found Pabi's Food Shop.
 17270 | Orc:2    | Found Mumeumen's Book Boutique.
 17739 | D:11     | Got a shimmering chain mail
 17742 | D:11     | Identified the +6 chain mail of Precision Catastrophes
                  | {-Cast rF+ Int+2 Dex+2} (You found it on level 11 of the
                  | Dungeon)
 17995 | Lair:1   | Entered Level 1 of the Lair of Beasts
 18113 | Lair:1   | Reached skill level 18 in Axes
 18772 | Lair:2   | Found a staircase to the Snake Pit.
 18807 | Lair:2   | Noticed Urug
 18822 | Lair:2   | Killed Urug
 19193 | Lair:2   | Reached skill level 19 in Axes
 19679 | Lair:3   | Received a gift from Trog
 19937 | Lair:3   | Found a staircase to the Swamp.
 20195 | Lair:3   | Noticed Gastronok
 20208 | Lair:3   | Killed Gastronok
 20594 | Lair:3   | Reached skill level 20 in Axes
 20784 | Lair:4   | Reached XP level 14. HP: 120/130 MP: 13/13
 22134 | Lair:5   | You fall into a shaft and drop 1 floor!
 22134 | Lair:6   | Entered Level 6 of the Lair of Beasts
 22168 | Lair:6   | Reached ****** piety under Trog
 22179 | Lair:6   | Slain by a black mamba

Levels and vault maps discovered:
D:1:      dpeg_arrival_tiny_d, layout_basic, minmay_tetromino_t4
D:2:      layout_loops_ring, lemuel_round_altar, fiery_altar_vehumet,
          first_ration, uniq_sigmund
D:3:      minmay_recursive_quarters, layout_rooms, lemuel_crystal_altar,
          lexackson_kobold_supper, uniq_terence, uniq_jessica, uniq_purgy,
          uniq_ijyb
D:4:      minmay_chambers_of_twos, layout_basic, kennysheep_slug_shrine,
          kennysheep_mini, grunt_temple_overflow_open, minmay_temple_entry_tees,
          serial_shops, nicolae_shop_waterfront, nicolae_shop_stone, shop
D:5:      layout_basic, uniq_blork_the_orc
D:6:      kennysheep_slugbush, layout_basic, uniq_menkaure
D:7:      layout_cave_pods, amethyst_overflow_temple_binary, uniq_joseph
D:8:      layout_basic, makhleb_grotto_becter, uniq_harold, uniq_maurice,
          uniq_psyche, uniq_pikel
D:9:      layout_loops_cross, xom_confusion_cloud
D:10:     layout_loops_corners, due_lair_maze_entry_diamond
D:11:     layout_stronghold
Lair:1:   layout_gridlike, minmay_lair_oklob_chamber
Lair:2:   layout_hall_layers, dummy_snake_entry, beast_lair_carwin_6, uniq_urug
Lair:3:   layout_cave_shapes, swamp_mist, uniq_gastronok
Lair:4:   layout_misc_corridors, chequers_serial_rivers_small_b,
          grunt_megastairs_2
Lair:5:   layout_cave_pods, columned_hall_lemuel, uniq_rupert
Lair:6:   cheibrodos_lair_end_hotspot, layout_cave_pods, slime_altar_1,
          portal_ice_cave_entry_pillars_1
Orc:1:    layout_caves, hangedman_feature_mirror, uniq_nergalle
Orc:2:    pubby_orc_utopia

Skill      XL: |  1  2  3  4  5  6  7  8  9 10 11 12 13 |
---------------+----------------------------------------+-----
Axes           | 4 5 7 8 9 11 12 13 14 15 16 20 | 20.8
Fighting       | 5 7 10 11 13 | 13.7
Shields        | 2 4 |  4.4
Armour         | 3 5 7 8 10 | 10.0
Dodging        | 3 4 6 7 9 |  9.1

Action                   |  1- 3 |  4- 6 |  7- 9 | 10-12 | 13-15 || total
-------------------------+-------+-------+-------+-------+-------++-------
Melee: Hand axe          |    61 |   160 |   364 |   227 |    18 ||   830
       Headbutt          |     6 |    31 |    82 |   146 |    75 ||   340
       Battleaxe         |       |       |       |   426 |   299 ||   725
       Mace              |       |       |       |       |    17 ||    17
Invok: Berserk           |     1 |     1 |     3 |     9 |     3 ||    17
       Trog's Hand       |     1 |       |     1 |     8 |     4 ||    14
  Use: Scroll            |       |     1 |    10 |     8 |     6 ||    25
       Potion            |       |       |       |       |     1 ||     1
  Eat: Chunk             |     1 |     8 |    11 |    32 |    21 ||    73
       Ration            |       |       |       |     4 |     1 ||     5
Armor: Animal skin       |    19 |       |       |       |       ||    19
       Leather armour    |     2 |    31 |       |       |       ||    33
       Troll leather arm |       |    20 |    74 |    45 |       ||   139
       Scale mail        |       |       |       |   135 |    31 ||   166
       Chain mail        |       |       |       |       |   126 ||   126
Dodge: Dodged            |    44 |    90 |   146 |   376 |   236 ||   892
Block: Buckler           |     2 |    11 |    30 |    33 |       ||    76
